 Dungeon Crawl Stone Soup version 0.24-a0-619-gb7544fd237 (webtiles) character file.

Game seed: 15917503699493451869, levelgen mode: deterministic

198 Oninnaise the Cudgeler (level 6, -11/47 HPs)
             Began as a Formicid Chaos Knight on Sept 18, 2019.
             Was a Plaything of Xom.
             Killed by divine providence
             ... invoked by an orc priest
              (17 damage)
             ... on level 4 of the Dungeon.
             The game lasted 00:09:11 (4119 turns).

Oninnaise the Cudgeler (Formicid Chaos Knight)      Turns: 4119, Time: 00:09:13

Health: -11/47     AC:  6    Str: 19    XL:     6   Next: 6%
Magic:  6/6        EV: 11    Int: 11    God:    Xom [*.....]
Gold:   152        SH:  0    Dex: 10    Spells: 5/5 levels left

rFire    . . .     SeeInvis +   a - +0 mace (chaos)
rCold    . . .     Gourm    .   (no shield)
rNeg     . . .     Faith    .   b - +2 leather armour
rPois    .         Spirit   .   (helmet unavailable)
rElec    .         Reflect  .   l - +1 cloak
rCorr    .         Harm     .   (no gloves)
MR       .....                  j - +0 pair of boots
Stlth    +.........             (no amulet)
HPRegen  0.15/turn              f - +2 ring of intelligence
MPRegen  0.10/turn              (no ring)

@: lethally poisoned (-11 -> -12), lightly drained
A: permanent stasis, dig shafts and tunnels, four strong arms, antennae 3,
deformed body, dopey 1
a: Dig, Shaft Self, Renounce Religion


You were on level 4 of the Dungeon.
You worshipped Xom.
You were a special plaything of Xom.
You were not hungry.

You visited 1 branch of the dungeon, and saw 4 of its levels.

You collected 152 gold pieces.

Inventory:

Hand Weapons
 a - a +0 mace of chaos (weapon)
 m - a +3 quarterstaff of chaos
Armour
 b - a +2 leather armour (worn)
 h - a scarf of repulsion
 j - a +0 pair of boots (worn)
 l - a +1 cloak (worn)
Jewellery
 f - a +2 ring of intelligence (left hand)
Scrolls
 d - a scroll of remove curse
 e - a scroll of identify
 i - a scroll of amnesia
Potions
 c - a potion of heal wounds
 g - a potion of haste {unknown}
 n - 2 potions of might {unknown}
Comestibles
 k - 2 rations


   Skills:
 - Level 3.2 Fighting
 + Level 6.3(6.2) Maces & Flails
 - Level 2.1 Armour
 - Level 0.8 Dodging


You had 5 spell levels left.
You didn't know any spells.
Your spell library was empty.

Dungeon Overview and Level Annotations

Branches:
Dungeon (4/15)
 Temple: D:4-7

Altars:
Hepliaklqana
Nemelex Xobeh
Ru
Trog
Xom
Zin

Annotations:
Abyss:1 Ijyb


Innate Abilities, Weirdness & Mutations

You cannot be hasted, slowed, berserked, paralysed or teleported.
You can dig through walls and to a lower floor.
Your four strong arms can wield two-handed weapons with a shield.
You have a pair of large antennae on your head. (SInv)
Armour fits poorly on your strangely shaped body.
You are dopey. (Int -2)


Message History

You feel sick.
The hobgoblin hits you but does no damage.
You barely miss the orc. The orc hits you with a +0 club.
* * * LOW HITPOINT WARNING * * *
The hobgoblin hits you but does no damage.
You closely miss the orc. The orc hits you with a +0 club.
* * * LOW HITPOINT WARNING * * *
The orc priest casts a cantrip, but nothing happens.
The hobgoblin hits you but does no damage.
You hit the orc. You freeze the orc.
The orc is almost dead.
The orc hits you but does no damage.
The hobgoblin hits you but does no damage.
You hit the orc.
You kill the orc!
You feel sick. The hobgoblin closely misses you.
The orc priest mumbles some strange prayers to Beogh against you.
Beogh smites you!
You die...
Xom giggles madly!

.................# .
####.............# ..
...#.............# ...
##.#.......####### ....
.#.##......# ##..... ...##......#
###########....... ...#######.#
#.o(((o(((........ .........#.#
#o#.......#o......
....####.#.#####@#.......#.......
..>............g.#.......#..o.oo.
....####.#####.###.≈≈....#.....[.
....####.#.....# #≈≈≈≈≈≈.##+##...
###.#....#....## #≈≈≈g≈≈≈# ##.
....#.##...##.#######'####
##........>..... #>#
....#.#....#..#
....#...{.....####


You could see an orc priest, an orc and a hobgoblin.

Vanquished Creatures
  A bullfrog skeleton (D:4)
  A hound skeleton (D:2)
  6 adders
  An ooze (D:3)
  2 worms
  A dart slug (D:2)
  2 leopard geckos
  10 orcs
  6 giant cockroaches
  5 goblins
  8 hobgoblins
  3 jackals (D:3)
  A ball python (D:3)
  7 bats
  3 frilled lizards
  A jackal skeleton (D:4)
  5 kobolds
  8 rats
  A fungus (D:1)
72 creatures vanquished.

Vanquished Creatures (others)
  An orc (D:4)
  A goblin (D:4)
2 creatures vanquished.

Grand Total: 74 creatures vanquished

Notes
Turn   | Place    | Note
-------+----------+-------------------------------------------
     0 | D:1      | Oninnaise the Formicid Chaos Knight began the quest for the
                  | Orb.
     0 | D:1      | Reached XP level 1. HP: 18/18 MP: 1/1
    32 | D:1      | XOM: silly message
    59 | D:1      | XOM: butterfly on damage
    86 | D:1      | Reached XP level 2. HP: 13/24 MP: 2/2
   660 | D:2      | Found a bloodstained altar of Trog.
   664 | D:2      | Reached skill level 4 in Maces & Flails
   664 | D:2      | Reached XP level 3. HP: 24/29 MP: 3/3
   675 | D:2      | Found a sparkling altar of Nemelex Xobeh.
   678 | D:2      | Found a sacrificial altar of Ru.
   730 | D:1      | XOM: cloud trail
   744 | D:1      | XOM: harmless Summ miscast
  1136 | D:1      | XOM: medium Conj miscast
  1545 | D:2      | XOM: polymorph kobold -> bat
  1552 | D:2      | Reached XP level 4. HP: 31/35 MP: 4/4
  1565 | D:1      | XOM is BORED!
  1565 | D:1      | XOM: give mutations
  1565 | D:1      | Gained mutation: You are dopey. (Int -2) [Xom's mischief]
  1565 | D:1      | Gained mutation: You evolve. [Xom's mischief]
  1786 | D:2      | Found a glowing silver altar of Zin.
  1793 | D:2      | Found a hazy altar of Hepliaklqana.
  2157 | D:2      | Reached skill level 5 in Maces & Flails
  2173 | D:2      | Found a shimmering altar of Xom.
  2401 | D:2      | XOM: smoke on damage
  2401 | D:2      | XOM: torment (19/35 hp)
  2552 | D:2      | XOM: mild Conj miscast
  2604 | D:2      | XOM: give mutation
  2604 | D:2      | Gained mutation: Armour fits poorly on your strangely
                  | shaped body. [Xom's mischief]
  2688 | D:3      | XOM: harmless Ice miscast
  3091 | D:3      | Noticed Ijyb
  3108 | D:3      | Banished Ijyb
  3108 | D:3      | Reached XP level 5. HP: 32/41 MP: 5/5
  3336 | D:3      | XOM is BORED!
  3336 | D:3      | XOM: mild Pois miscast
  3490 | D:3      | XOM: noise
  3559 | D:3      | Gained mutation: Your spells are a little easier to cast,
                  | but a little less powerful. [evolution]
  3711 | D:3      | XOM: summons 2 hostile demons
  3891 | D:3      | XOM: give mutations
  3891 | D:3      | Gained mutation: You are weak. (Str -2) [Xom's mischief]
  3891 | D:3      | Lost mutation: You are weak. (Str -2) [Xom's mischief]
  3891 | D:3      | Lost mutation: Your spells are a little easier to cast, but
                  | a little less powerful. [Xom's mischief]
  3891 | D:3      | Lost mutation: You evolve. [Xom's mischief]
  3902 | D:3      | Found a runed translucent door.
  3903 | D:3      | Noticed Crazy Yiuf
  3916 | D:3      | Noticed Crazy Yiuf
  3916 | D:3      | Crazy Yiuf changed into Crazy Yiuf the adder
  3918 | D:3      | Killed Crazy Yiuf the adder
  3972 | D:4      | Reached skill level 6 in Maces & Flails
  3972 | D:4      | Reached XP level 6. HP: 43/47 MP: 6/6
  4119 | D:4      | Killed from afar by an orc priest

Levels and vault maps discovered:
D:1:      wander_arrival_fairy_ring, layout_loops_cross,
          minmay_indecisive_spiral
D:2:      layout_rooms, lemuel_doored_altar, grunt_temple_overflow_open
D:3:      layout_basic, uniq_crazy_yiuf_cottage, uniq_ijyb
D:4:      layout_basic, fiery_altar_vehumet, first_ration, minmay_goblin_outpost

Skill      XL: |  1  2  3  4  5 |
---------------+----------------+-----
Maces & Flails | 4 5 6 |  6.3
Fighting       | |  3.2
Armour         | |  2.1
Dodging        | |  0.8

Action                   |  1- 3 |  4- 6 || total
-------------------------+-------+-------++-------
Melee: Mace              |    65 |   184 ||   249
  Use: Scroll            |       |     7 ||     7
       Potion            |       |     1 ||     1
 Stab: Confused          |       |     2 ||     2
  Eat: Ration            |     1 |     2 ||     3
Armor: Leather armour    |    52 |    79 ||   131
Dodge: Dodged            |    65 |   120 ||   185
       Deflected         |       |     3 ||     3

Table legend:
 A = Non-vault XP
 B = Vault XP
 C = Vault XP percentage of total XP
 D = Non-vault monster count
 E = Vault monster count
 F = Vault count percentage of total count
                 A         B        C        D         E       F
            +---------+---------+-------+---------+---------+-------
      Total |     242 |      42 |  14.8 |      65 |       7 |   9.7
            +---------+---------+-------+---------+---------+-------
        D:1 |      22 |       6 |  21.4 |      14 |       4 |  22.2
        D:2 |      84 |       0 |   0.0 |      20 |       0 |   0.0
        D:3 |      84 |      34 |  28.8 |      26 |       2 |   7.1
        D:4 |      52 |       2 |   3.7 |       5 |       1 |  16.7
            +---------+---------+-------+---------+---------+-------
